 Dungeon Sprint DCSS version 0.30-a0-1161-g0704695555 (webtiles) character file.

Game seed: 13027381420447993412

104 fozzywoppz the Ducker (level 4, -1/26 HPs)
             Began as a Spriggan Berserker on Apr 28, 2023.
             Was a Priest of Trog.
             Slain by a water elemental (14 damage)
             ... in the Dungeon (Sprint III: "The Ten Rune Challenge").
             The game lasted 00:02:44 (258 turns).

fozzywoppz the Ducker (Spriggan Berserker)           Turns: 258, Time: 00:02:45

Health: -1/26      AC:  4    Str: 13    XL:     4   Next: 52%
Magic:  5/5        EV: 21    Int:  8    God:    Trog [***...]
Gold:   18         SH:  0    Dex: 16    Spells: 3/3 levels left

rFire   . . .        a - +0 short sword
rCold   . . .        (no shield)
rNeg    . . .        b - +0 animal skin
rPois   .            (helmet restricted)
rElec   .            (no cloak)
rCorr   .            (gloves unavailable)
SInv    +            (boots unavailable)
Will    .....        (no amulet)
Stlth   ++++         (no ring)
HPRegen 0.24/turn    (no ring)
MPRegen 0.09/turn

%: no teleportation
@: very quick
A: very small, no large weapons, unfitting armour, see invisible, speed 3,
iridescent scales 1
a: Renounce Religion, Berserk, Trog's Hand


You were in the Dungeon.
You worshipped Trog.
Trog was most pleased with you.
You visited 1 branch You collected 18 gold pieces.

Inventory:

Hand Weapons
 a - a +0 short sword (weapon)
Missiles
 d - 4 poisoned darts (quivered)
Armour
 b - a +0 animal skin (worn)
 o - a +0 robe
Scrolls
 h - a scroll of blinking
 i - a scroll of immolation
 j - a scroll of enchant weapon {unknown}
 m - a scroll of poison {unknown}
Potions
 c - a potion of curing
 e - a potion of haste
 f - 2 potions of magic
 g - a potion of berserk rage
 k - a potion of flight
 l - 2 potions of mutation


   Skills:
 + Level 4.4 Fighting
 + Level 5.9 Short Blades
 + Level 7.1 Dodging
 + Level 6.8 Stealth


You had 3 spell levels left.
You didn't know any spells.
Your spell library was empty.

Dungeon Overview and Level Annotations

Branches:
Dungeon (1/1)

Altars:


Innate Abilities, Weirdness & Mutations

You are very small and have problems with some larger weapons.
You are too small for most types of armour.
You have supernaturally acute eyesight. (SInv)
You cover ground extremely quickly. (Speed+++)
You are partially covered in iridescent scales. (AC +2)


Message History

The water elemental closely misses you.
You hit the water elemental.
The water elemental is heavily damaged.
You closely miss the water elemental.
The water elemental is heavily damaged.
The water elemental misses you.
You hit the water elemental.
The water elemental is heavily damaged.
The water elemental completely misses you.
You hit the water elemental.
The water elemental is severely damaged.
You hit the water elemental but do no damage.
The water elemental is severely damaged.
The water elemental closely misses you.
You hit the water elemental.
The water elemental is severely damaged.
The water elemental completely misses you.
You hit the water elemental but do no damage.
The water elemental is severely damaged.
The water elemental hits you!!
Ouch! That really hurt!
Things that are here:
a +0 dagger; the human corpse of Jessica You feel better.
The water elemental completely misses you.
You hit the water elemental.
The water elemental is severely damaged.
You barely miss the water elemental.
The water elemental is severely damaged.
The water elemental hits you!
You hit the water elemental.
The water elemental is severely damaged.
The water elemental closely misses you.
You hit the water elemental.
The water elemental is almost destroyed.
You barely miss the water elemental.
The water elemental is almost destroyed.
The water elemental hits you!
Ouch! That really hurt!
You die...

▓▓▓▓▓▓▓▓▓ ▓▓▓
▓<..#...#### ##.#
▓...#......#####..#
▓..##....@E.#..#..#
▓##.##.##...#..#..# #+#+#
##.##.###..##'#..#......
▓#.####.##..###.†.'.⌠....
▓.###..##..####...#...###
▓#.....##).###.E..# ⌠.#
###..##...##.....# .#
##†.##....#......# #
#..###..##.#.....#


You could see a water elemental.

Vanquished Creatures
  A scorpion (D)
  Jessica (D)
  A human (D)
  3 rats (D)
6 creatures vanquished.

Notes
Turn   | Place    | Note
-------+----------+-------------------------------------------
     0 | D        | fozzywoppz the Spriggan Berserker began the quest for the
                  | Orb.
     0 | D        | Reached XP level 1. HP: 11/11 MP: 2/2
     9 | D        | Reached skill level 1 in Stealth
    26 | D        | Noticed Jessica
    27 | D        | Reached ** piety under Trog
    37 | D        | Killed Jessica
    38 | D        | Reached skill level 5 in Dodging
    38 | D        | Reached XP level 2. HP: 16/16 MP: 3/3
    59 | D        | Noticed a scorpion
    62 | D        | Killed a scorpion
    63 | D        | Reached skill level 5 in Short Blades
    63 | D        | Reached skill level 6 in Dodging
    63 | D        | Reached XP level 3. HP: 21/21 MP: 4/4
    63 | D        | Reached XP level 4. HP: 25/25 MP: 5/5
    78 | D        | Reached *** piety under Trog
    79 | D        | Reached skill level 7 in Dodging
    94 | D        | Gained mutation: You occasionally shout uncontrollably at
                  | your foes. [potion of mutation]
    95 | D        | Lost mutation: You occasionally shout uncontrollably at
                  | your foes. [potion of mutation]
    95 | D        | Gained mutation: You sometimes lose your temper in combat.
                  | [potion of mutation]
    95 | D        | Gained mutation: You are partially covered in iridescent
                  | scales. (AC +2) [potion of mutation]
    96 | D        | Lost mutation: You sometimes lose your temper in combat.
                  | [potion of mutation]
    96 | D        | Lost mutation: You are partially covered in iridescent
                  | scales. (AC +2) [potion of mutation]
    96 | D        | Gained mutation: You are partially covered in iridescent
                  | scales. (AC +2) [potion of mutation]
   121 | D        | Noticed a water elemental
   258 | D        | Slain by a water elemental

Illustrated notes

Levels and vault maps discovered:
D:        dungeon_sprint_mu [sprint_mu_entry_cave, sprint_mu_temple_rooms,
          sprint_mu_d1_spiders, sprint_mu_d2_genie, sprint_mu_d3_branching,
          sprint_mu_orc_legion, sprint_mu_elf_gauntlet, sprint_mu_hive_nellie,
          sprint_mu_lair_fedhas, sprint_mu_vaults_butterflies,
          sprint_mu_slime_circle, sprint_mu_shoals_archi,
          sprint_mu_snake_twists, sprint_mu_blade_basic,
          sprint_mu_crypt_fortress, sprint_mu_tomb_spiral,
          sprint_mu_vestibule_basic, sprint_mu_gehenna_hellfire,
          sprint_mu_dis_giant, sprint_mu_tartarus_statrot,
          sprint_mu_cocytus_islands, sprint_mu_zot1]

Skill      XL: |  1  2  3  4 |
---------------+-------------+-----
Stealth        | 4 6 |  6.8
Fighting       | 3 4 |  4.4
Short Blades   | 4 5 |  5.9
Dodging        | 5 6 7 |  7.1

Action                     |  1- 3 |  4- 6 || total
---------------------------+-------+-------++-------
  Melee: Short sword       |     7 |    32 ||    39
         Punch             |       |     1 ||     1
    Use: Potion            |     1 |     4 ||     5
         Scroll            |       |     2 ||     2
   Stab: Sleeping          |     3 |     1 ||     4
  Dodge: Dodged            |       |    17 ||    17

Table legend: (Time is in decaauts)
 A = Elapsed time spent in this place.
 B = Non-inter-level travel time spent in this place.
 C = Inter-level travel time spent in this place.
 D = Time resting spent in this place.
 E = Time spent auto-exploring this place.
 F = Levels seen in this place.
 G = Mean time per level.
                   A        B        C        D        E       F      G
               +--------+--------+--------+--------+--------+-----+--------+
         Total |    205 |    205 |      0 |     72 |      0 |   1 |  205.0 |
       Dungeon |    205 |    205 |      0 |     72 |      0 |   1 |  205.0 |
               +--------+--------+--------+--------+--------+-----+--------+

Top non-repeatable levels by time:
       D: 205 daAuts
